 Dungeon Crawl Stone Soup version 0.18-a0-1-gfac8111 (webtiles) character file.

156503 M4edhros the Unseen (level 17, -13/99 HPs)
             Began as an Octopode Artificer on Oct 30, 2015.
             Was the Champion of Fedhas.
             Killed from afar by a shock serpent (18 damage)
             ... with a bolt of electricity
             ... on level 3 of the Snake Pit.
             The game lasted 02:28:08 (37106 turns).

M4edhros the Unseen (Octopode Artificer)           Turns: 37106, Time: 02:28:08

Health: -13/99     AC: 13    Str: 20    XL:     17   Next: 67%
Magic:  29/29      EV: 25    Int: 18    God:    Fedhas [******]
Gold:   1426       SH: 24    Dex: 21    Spells: 7 memorised, 8 levels left

rFire  . . .     SeeInvis .     X - +4 short sword of Untimely Demise {elec, Str+4}
rCold  + + .     Clarity  +     s - +4 large shield of the Lonely Eyes {Regen+}
rNeg   + . .     SustAt   +     i - +1 hat {Int+3}
rPois  +         Gourm    .     M - amulet of regeneration
rElec  .         Spirit   .     T - ring of Propriety {rC+ rN+ Dex+2}
rCorr  .         Warding  .     h - ring of sustain attributes
rMut   .         Stasis   .     A - +3 ring of dexterity
MR     +....                    N - +4 ring of evasion
Stlth  ++++++++..               R - ring of poison resistance
                                W - +3 ring of slaying
                                D - +4 ring of evasion
                                V - +3 ring of protection

@: repel missiles, somewhat resistant to hostile enchantments, extraordinarily
stealthy
A: almost no armour, amphibious, 8 rings, constrict 8, rough black scales 1,
slimy green scales 1, thin metallic scales 1, camouflage 1, clarity, cold
resistance 1, deterioration 2, sense surroundings 1, strong 2, gelatinous body 1
a: Evolution, Sunlight, Growth, Reproduction, Rain, Renounce Religion


You were on level 3 of the Snake Pit.
You worshipped Fedhas.
Fedhas was exalted by your worship.
You were hungry.

You visited 6 branches of the dungeon, and saw 34 of its levels.
You visited the Abyss 1 time.
You also visited: Trove and Bailey.

You collected 4309 gold pieces.
You spent 2883 gold pieces at shops.

Inventory:

Hand Weapons
 E - the +9 hunting sling "Conservator" {flame, rC++ Str-2 Int+3}
   (You took it off a deep elf priest on level 3 of the Elven Halls)

   It causes projectiles fired from it to burn those they strike, causing extra
   injury to most foes and up to half again as much damage against particularly
   susceptible opponents.
   It affects your strength (-2).
   It affects your intelligence (+3).
   It greatly protects you from cold.
 X - the +4 short sword of Untimely Demise (weapon) {elec, Str+4}
   (You took it off an orc on level 11 of the Dungeon)

   Occasionally, upon striking a foe, it will discharge some electrical energy
   and cause terrible harm.
   It affects your strength (+4).
 Y - a +0 blowgun
Missiles
 g - 58 sling bullets
 Z - 12 curare-tipped needles
Armour
 i - a +1 hat of intelligence (worn)
 s - the +4 large shield of the Lonely Eyes (worn) {Regen+}
   (You found it on level 8 of the Lair of Beasts)

   It increases your rate of regeneration.
Rods
 n - a +5 iron rod (14/14)
   (You took it off a deep elf priest on level 3 of the Elven Halls)
 B - a +8 rod of shadows (17/17)
   (You acquired it on level 9 of the Dungeon)
Jewellery
 h - a ring of sustain attributes (right tentacle)
 o - an uncursed ring of see invisible
 A - a +3 ring of dexterity (on tentacle)
 D - a +4 ring of evasion (on tentacle)
 M - an amulet of regeneration (around mantle)
 N - a +4 ring of evasion (on tentacle)
 R - a ring of poison resistance (on tentacle)
 T - the ring of Propriety (left tentacle) {rC+ rN+ Dex+2}
   (You took it off a deep elf priest on level 3 of the Elven Halls)

   [ring of protection from cold]

   It affects your dexterity (+2).
   It protects you from cold.
   It protects you from negative energy.
 V - a +3 ring of protection (on tentacle)
 W - a +3 ring of slaying (on tentacle)
Wands
 a - a wand of digging (9)
 p - a wand of disintegration (14)
 t - a wand of paralysis (4)
 G - a wand of confusion (16)
 H - a wand of cold (9)
 J - a wand of teleportation (4)
Scrolls
 c - a scroll of amnesia
 k - a scroll of fear
 l - 2 scrolls of remove curse
 m - 11 scrolls of teleportation
 q - a scroll of summoning
 u - 2 scrolls of magic mapping
 w - 7 scrolls of fog
 y - 8 scrolls of enchant weapon
 K - 2 scrolls of identify
 Q - 5 scrolls of blinking
Potions
 f - a potion of resistance
 j - a potion of brilliance
 v - a potion of agility
 C - 6 potions of curing
 L - a potion of haste
 O - a potion of berserk rage
 S - 2 potions of might
 U - a potion of heal wounds
Books
 b - a book of Envenomations

   Spells                             Type                      Level
   a - Spider Form                    Transmutation/Poison         3
   b - Alistair's Intoxication        Transmutation/Poison         4
   c - Olgreb's Toxic Radiance        Poison                       4
   d - Poisonous Cloud                Conjuration/Poison/Air       6
Miscellaneous
 d - 2 phantom mirrors
 r - a legendary deck of summoning {the Rangers}
 z - a sack of spiders
 F - a lantern of shadows
Comestibles
 e - 7 bread rations
 x - 5 fruits
 I - 5 royal jellies


   Skills:
 - Level 4.1 Fighting
 - Level 3.5 Short Blades
   Level 7.4 Polearms
 - Level 7.7 Dodging
 - Level 15.8 Stealth
 * Level 14.2 Shields
 * Level 8.0 Spellcasting
 * Level 8.9 Conjurations
 - Level 9.0 Charms
 - Level 4.4 Necromancy
 * Level 9.7 Air Magic
 + Level 10.8 Invocations
 + Level 11.3 Evocations


You had 8 spell levels left.
You knew the following spells:

 Your Spells              Type           Power        Failure   Level  Hunger
a - Swiftness             Chrm/Air       #####...     1%          2    None
b - Conjure Flame         Conj/Fire      ###.....     21%         3    #......
c - Repel Missiles        Chrm/Air       #####.       1%          2    None
d - Airstrike             Air            #####.....   10%         4    ###....
e - Summon Lightning Spi  Summ/Air       ###.....     63%         4    ###....
f - Regeneration          Chrm/Necr      ####......   10%         3    #......
g - Deflect Missiles      Chrm/Air       #####.....   97%         6    ######.


Dungeon Overview and Level Annotations

Branches:
Dungeon (15/15)            Temple (1/1) D:7            Lair (8/8) D:11
 Shoals (0/4) Lair:4        Snake (3/4) Lair:4        Slime (0/6) Lair:7
    Orc (4/4) D:12            Elf (3/3) Orc:4        Vaults (0/5) D:13
 Depths (0/5) D:15

Altars:
Ashenzari
Cheibriados
Elyvilon
Fedhas
Gozag
Kikubaaqudgha
Nemelex Xobeh
Qazlal
Trog
Vehumet
Xom
Yredelemnul
The Shining One
Beogh
Jiyva

Shops:
D:4 =   D:8 [   D:10 ?   Orc:1 [   Orc:3 =   Orc:4 ([*=(   Elf:1 *   Elf:2 ?
Snake:1 }   Snake:2 [


Innate Abilities, Weirdness & Mutations

You cannot wear most types of armour.
You are amphibious.
You can wear up to eight rings at the same time.
You can use your tentacles to constrict eight enemies at once.
Your skin changes colour to match your surroundings (Stealth).
Your rubbery body absorbs attacks (AC +1).
You are partially covered in rough black scales (AC +4, Dex -1).
You are partially covered in slimy green scales (AC +2).
You are partially covered in thin metallic scales (AC +2).
You possess an exceptional clarity of mind.
Your flesh is cold resistant.
Your body often deteriorates upon taking damage.
You passively map a small area around you.
Your muscles are very strong. (Str +4)


Message History

Aim: a shock serpent (heavily wounded, constricted by you, chance to defeat MR: 51%)
The shock serpent appears confused.
This wand has 16 charges left.
You constrict the shock serpent.
The shock serpent's electric aura discharges!
The lightning shocks you.
* * * LOW HITPOINT WARNING * * *
You block the shock serpent's attack.
Unknown command.
Unknown command.
You hit the shock serpent.
The shock serpent is almost dead.
You constrict the shock serpent.
The shock serpent shoots out a bolt of lightning at you!
The bolt of electricity hits you!
* * * LOW HITPOINT WARNING * * *
The bolt of electricity misses you.
The shock serpent shoots out a bolt of lightning at you!
The bolt of electricity hits you!
You die...
Fedhas appreciates your contribution to the ecosystem.

, , #......# ,
,,*#......##......# *
##......##......#
#######.......##......#
..............##......#
..............##......#
.......#########......#
......##########S.....#
......##......##@..S..#
#..............'......#
#.........)..f##......#
#.........))).#########
#......####.###########
'.....#####'###.......#
#.....##>..)..........#
#.....##..............#
#.....##..............#


You could see 2 shock serpents and a friendly wandering mushroom.

Vanquished Creatures
  A deep elf blademaster (Elf:3)
  The ghost of endege the Protected, a journeyman MiFi of Makhleb (Lair:6)
  2 deep elf annihilators (Elf:3)
  A deep elf demonologist (Elf:3)
  A deep elf death mage (Elf:3)
  A vault guard (D:13)
  2 deep elf high priests (Elf:3)
  Erolcha (Orc:3)
  7 naga warriors
  2 centaur warriors
  2 catoblepae (Lair:8)
  A hydra (Lair:7)
  4 dancing weapons (Elf:2)
  9 anacondas
  3 death yaks (Lair:8)
  2 shock serpents (Snake:3)
  6 naga sharpshooters
  Sonja (D:14)
  2 salamander mystics (Snake:3)
  14 deep elf knights
  An unseen horror (shapeshifter) (Elf:2)
  A naga ritualist (Snake:1)
  4 deep elf summoners
  An unseen horror (D:13)
  6 mana vipers
  10 deep elf conjurers
  A griffon (Lair:8)
  2 orc knights
  An orc sorcerer (Orc:3)
  8 salamanders
  5 elephants (Lair:7)
  A cyclops (D:11)
  An octopode (shapeshifter) (Elf:1)
  18 black mambas
  A manticore (D:13)
  A manticore (shapeshifter) (Elf:3)
  7 spiny frogs
  A gargoyle (D:12)
  A torpor snail (shapeshifter) (Elf:2)
  7 naga magi
  A guardian serpent (Snake:3)
  A deep elf priest (Elf:1)
  4 komodo dragons
  2 trolls (Orc:3)
  A fire drake (Lair:8)
  A merfolk (Lair:4)
  2 two-headed ogres
  Prince Ribbit (D:8)
  9 blink frogs
  A boulder beetle (Lair:8)
  A wyvern (D:12)
  A shadow (D:14)
  13 deep elf fighters
  20 deep elf magi
  3 wraiths
  A basilisk (D:12)
  2 humans (D:13)
  17 yaks
  6 hippogriffs
  A warg (Orc:3)
  A hungry ghost (D:7)
  10 wolves
  8 porcupines
  7 water moccasins
  31 nagas
  A wasp (D:13)
  2 ice beasts
  4 sky beasts
  A black bear (D:8)
  8 orc warriors
  A phantom (D:7)
  2 centaurs (D:14)
  7 ogres
  6 crocodiles
  Blork the orc (D:4)
  3 big kobolds
  8 giant frogs
  3 scorpions
  A wyvern skeleton (D:14)
  A wight (D:8)
  An electric eel (Lair:5)
  3 killer bees
  6 crimson imps
  A giant frog zombie (D:6)
  3 giant frog skeletons
  A two-headed ogre zombie (Orc:3)
  3 jellies
  9 hounds
  3 centaur skeletons
  A hell rat (D:8)
  11 orc priests
  9 two-headed ogre skeletons (Orc:3)
  15 orc wizards
  3 iguanas
  5 worker ants
  12 sheep
  A hound zombie (D:9)
  An ogre skeleton (Orc:3)
  3 hound skeletons
  9 gnolls
  A worker ant zombie (D:7)
  14 adders
  20 river rats
  3 oozes
  2 adder skeletons
  5 worms
  3 giant geckos
  108 orcs
  A ball python (D:4)
  3 giant cockroaches
  9 hobgoblins
  5 jackals
  38 kobolds
  3 quokkas
  9 bats
  A giant gecko skeleton (D:6)
  5 giant newts
  12 goblins
  A quokka skeleton (D:6)
  34 rats
  A briar patch (Lair:7)
713 creatures vanquished.

Vanquished Creatures (collateral kills)
  Rupert (Orc:4)
  2 deep elf master archers (Elf:3)
  A deep elf blademaster (Elf:3)
  Maud (Lair:4)
  2 orc warlords
  5 deep elf sorcerers
  6 deep elf demonologists (Elf:3)
  A dire elephant (Lair:7)
  7 deep elf annihilators
  A vault guard (D:13)
  6 deep elf death magi (Elf:3)
  Josephine (Lair:4)
  Harold (Lair:3)
  The ghost of comborobin the Spear-Bearer, a journeyman HuGl of Trog (D:10)
  3 centaur warriors
  A catoblepas (Lair:8)
  4 hydras
  An ogre mage (D:15)
  10 dancing weapons (Elf:2)
  7 death yaks (Lair:8)
  A tengu warrior (D:14)
  2 orc high priests (Orc:4)
  A wandering mushroom (D:14)
  9 deep elf knights
  3 small abominations (Elf:3)
  The ghost of M4edhros the Covert, a novice OpAr of Cheibriados (D:9)
  An unseen horror (D:10)
  3 skeletal warriors (D:14)
  2 large abominations (Elf:3)
  2 deep elf summoners (Elf:1)
  3 hill giants
  2 necromancers (D:13)
  A wizard (D:13)
  A griffon (Lair:4)
  3 orc sorcerers (Orc:4)
  7 deep elf conjurers
  4 orc knights
  An ugly thing (D:13)
  4 elephants (Lair:7)
  A cyclops (D:11)
  4 black mambas
  2 sirens (Lair:4)
  Maurice (Orc:4)
  2 centaur skeletons
  A gargoyle (D:14)
  10 spiny frogs
  8 komodo dragons
  7 deep elf priests
  A tengu conjurer (D:14)
  3 trolls
  2 fire drakes
  A merfolk (Lair:4)
  A blink frog (shapeshifter) (D:14)
  A snapping turtle (shapeshifter) (Elf:1)
  A boulder beetle (Lair:7)
  6 blink frogs
  2 trapdoor spiders (D:14)
  16 humans
  A spriggan (D:10)
  7 deep elf magi
  A wraith (Lair:4)
  23 yaks
  2 basilisks
  7 hippogriffs
  4 nagas
  12 deep elf fighters
  2 electric eels (Lair:2)
  6 wargs
  11 wolves
  6 porcupines
  4 water moccasins
  2 phantoms
  33 orc warriors
  3 ice beasts
  2 black bears
  A sky beast (D:9)
  14 ogres
  14 centaurs
  7 giant frogs
  A big kobold (D:9)
  8 crocodiles
  A brain worm (D:13)
  A jelly (D:9)
  13 killer bees
  8 wights
  4 crimson imps
  7 orc wizards
  2 giant frog skeletons
  9 orc priests
  4 two-headed ogre skeletons (Orc:3)
  2 hounds
  3 iguanas
  14 sheep
  A gnoll (D:7)
  An adder (D:8)
  20 river rats
  An adder skeleton (D:9)
  An adder zombie (D:9)
  78 orcs
  3 goblins (Orc:3)
  A quokka (D:11)
  4 kobolds (D:9)
  A rat (D:8)
  A butterfly (Lair:6)
  A crawling corpse (Elf:3)
  4 giant spores (Elf:3)
539 creatures vanquished.

Vanquished Creatures (others)
  7 oklob plants (Elf:3)
  2 thorn hunters (Elf:3)
  A shambling mangrove (Elf:1)
  21 wandering mushrooms
  3 wasps
  2 necrophages
  2 centaurs
  A giant frog (D:7)
  An orc priest (D:3)
  A centaur skeleton (D:6)
  A hound (Lair:3)
  An adder zombie (D:5)
  A kobold (D:1)
  4 ballistomycetes (Elf:3)
  14 briar patches
  14 fungi
  A giant spore (Elf:3)
  5 plants
  1063 toadstools
1145 creatures vanquished.

Grand Total: 2397 creatures vanquished

Notes
Turn   | Place    | Note
--------------------------------------------------------------
     0 | D:1      | M4edhros the Octopode Artificer began the quest for the Orb.
     0 | D:1      | Reached XP level 1. HP: 13/13 MP: 3/3
   295 | D:1      | Reached XP level 2. HP: 11/18 MP: 4/4
   624 | D:2      | Reached XP level 3. HP: 14/23 MP: 5/5
   625 | D:2      | Reached skill level 4 in Evocations
  1087 | D:3      | Found a shattered altar of Ashenzari.
  1087 | D:3      | Found a basalt altar of Yredelemnul.
  1396 | D:3      | Found a bloodstained altar of Trog.
  1568 | D:4      | Reached XP level 4. HP: 28/28 MP: 7/7
  1624 | D:4      | Noticed an ogre
  1841 | D:4      | Reached skill level 5 in Stealth
  1849 | D:5      | Entered Level 5 of the Dungeon
  1919 | D:5      | Reached XP level 5. HP: 28/33 MP: 8/8
  2005 | D:5      | Noticed a deep elf mage
  2015 | D:5      | Reached skill level 6 in Stealth
  2018 | D:5      | Killed a deep elf mage
  2018 | D:5      | Reached skill level 7 in Stealth
  2018 | D:5      | Reached skill level 5 in Evocations
  2018 | D:5      | Reached XP level 6. HP: 16/38 MP: 9/9
  2386 | D:5      | Reached skill level 8 in Stealth
  2386 | D:5      | Reached XP level 7. HP: 43/43 MP: 9/11
  2606 | D:5      | Found a radiant altar of Vehumet.
  3187 | D:5      | Reached skill level 1 in Polearms
  3280 | D:6      | Found an opulent altar of Gozag.
  3877 | D:6      | Reached skill level 9 in Stealth
  4133 | D:6      | Reached XP level 8. HP: 48/48 MP: 12/12
  4240 | D:7      | Found a staircase to the Ecumenical Temple.
  4246 | Temple   | Entered the Ecumenical Temple
  4355 | Temple   | Became a worshipper of Xom of Enforced Whimsey
  4382 | Temple   | Fell from the grace of Xom
  4382 | Temple   | Became a worshipper of Fedhas Madash
  4569 | D:3      | XOM: summons 4 hostile demons
  4570 | D:3      | Noticed a rust devil
  4585 | D:3      | Killed a rust devil
  5332 | D:4      | Noticed Blork the orc
  5337 | D:4      | Noticed a scorpion
  5341 | D:4      | Killed a scorpion
  5341 | D:4      | XOM: medium Pois miscast
  5798 | D:4      | Killed Blork the orc
  5811 | D:4      | Reached skill level 10 in Stealth
  5812 | D:4      | Reached * piety under Fedhas
  5844 | D:4      | Killed an ogre
  5851 | D:4      | XOM: summons 2 hostile demons
  6014 | D:4      | Found Ixtaq's Jewellery Shoppe.
  6393 | D:2      | XOM: give mutations
  6393 | D:2      | Gained mutation: You occasionally shout uncontrollably at your foes. [Xom's mischief]
  6393 | D:2      | Gained mutation: You possess an exceptional clarity of mind. [Xom's mischief]
  6393 | D:2      | Gained mutation: Your muscles are strong. (Str +2) [Xom's mischief]
  6896 | D:1      | XOM: summons 8 hostile demons
  6917 | D:1      | XOM: medium Ice miscast
  7030 | D:1      | XOM: mild Fire miscast
  7045 | D:1      | Reached ** piety under Fedhas
  7677 | D:7      | Found a bloodstained altar of Trog.
  7714 | D:7      | Reached skill level 1 in Invocations
  7809 | D:7      | Reached skill level 5 in Polearms
  8018 | D:7      | Reached XP level 9. HP: 44/53 MP: 14/14
  8034 | D:7      | XOM: chaos upgrade
  8427 | D:7      | XOM: medium Trmt miscast
  8481 | D:8      | Noticed Prince Ribbit
  8501 | D:8      | Killed Prince Ribbit
  8501 | D:8      | Reached skill level 11 in Stealth
  8605 | D:8      | Learned a level 2 spell: Swiftness
  8609 | D:8      | Learned a level 3 spell: Conjure Flame
  8828 | D:8      | XOM: 2-stop teleportation journey
  8863 | D:8      | Found Qylia's Antique Armour Shop.
  9107 | D:8      | Reached *** piety under Fedhas
  9280 | D:8      | Gained mutation: You are occasionally teleported to nearby monsters. [mutagenic meat]
  9281 | D:8      | Gained mutation: Scrolls take you a little longer to read. [mutagenic meat]
  9518 | D:8      | Found an ancient bone altar of Kikubaaqudgha.
  9775 | D:9      | Reached XP level 10. HP: 58/63 MP: 15/15
  9798 | D:9      | XOM: medium Air miscast
  9840 | D:9      | Noticed M4edhros's ghost (novice OpAr)
  9852 | D:9      | Killed M4edhros's ghost
  9939 | D:9      | Identified a scroll of acquirement
  9943 | D:9      | XOM: medium Erth miscast
  9946 | D:9      | Identified a +2 rod of shadows (11/11) (You acquired it on level 9 of the Dungeon)
 10013 | D:9      | Reached skill level 12 in Stealth
 10120 | D:9      | XOM: medium Chrm miscast
 10420 | D:9      | XOM: noise
 10458 | D:9      | Reached skill level 5 in Invocations
 10925 | D:10     | Entered Level 10 of the Dungeon
 10926 | D:10     | Reached **** piety under Fedhas
 10973 | D:10     | Noticed comborobin's ghost (journeyman HuGl)
 11001 | D:10     | Lost mutation: Scrolls take you a little longer to read. [potion of cure mutation]
 11001 | D:10     | Lost mutation: You occasionally shout uncontrollably at your foes. [potion of cure mutation]
 11001 | D:10     | Lost mutation: Your muscles are strong. (Str +2) [potion of cure mutation]
 11001 | D:10     | Lost mutation: You possess an exceptional clarity of mind. [potion of cure mutation]
 11001 | D:10     | Lost mutation: You are occasionally teleported to nearby monsters. [potion of cure mutation]
 11127 | D:10     | Found a stormy altar of Qazlal.
 11515 | D:10     | Found Meguorem's Magic Scroll Shoppe.
 11566 | D:10     | XOM: harmless Ice miscast
 11624 | D:10     | XOM: silly message
 11689 | D:10     | Noticed an unseen horror
 12200 | D:11     | Learned a level 2 spell: Repel Missiles
 12220 | D:11     | Noticed a cyclops
 12243 | D:11     | Killed a cyclops
 12403 | D:11     | XOM: harmless Chrm miscast
 12408 | D:11     | Found a glowing golden altar of the Shining One.
 12458 | D:11     | Noticed a cyclops
 12485 | D:11     | Killed a cyclops
 12499 | D:11     | Reached skill level 1 in Charms
 12507 | D:11     | Found a staircase to the Lair.
 12514 | D:11     | Noticed a thorn hunter
 12514 | D:11     | a wandering mushroom changed into a thorn hunter
 12519 | D:11     | Reached skill level 1 in Spellcasting
 12529 | D:11     | Reached XP level 11. HP: 17/69 MP: 17/17
 12609 | D:11     | Reached skill level 13 in Stealth
 12620 | D:11     | Noticed a hill giant
 12623 | D:11     | Killed a hill giant
 12623 | D:11     | Reached skill level 1 in Air Magic
 12761 | D:11     | Found a roughly hewn altar of Beogh.
 12801 | D:11     | Reached ***** piety under Fedhas
 13602 | D:12     | Noticed a hill giant
 13609 | D:12     | Killed a hill giant
 13635 | D:12     | Found a staircase to the Orcish Mines.
 13647 | D:12     | XOM: noise
 13663 | D:12     | Reached skill level 5 in Dodging
 13881 | D:12     | XOM: polymorph thorn hunter -> thorn hunter
 14092 | D:13     | Noticed a centaur warrior
 14279 | D:13     | XOM: stat loss: -2 Dex (17/18)
 14478 | D:13     | Killed a centaur warrior
 14510 | D:13     | Noticed a necromancer
 14515 | D:13     | Noticed a necromancer
 14516 | D:13     | Noticed a vault guard
 14517 | D:13     | Killed a necromancer
 14526 | D:13     | Killed a necromancer
 14544 | D:13     | Killed a vault guard
 14544 | D:13     | Reached skill level 14 in Stealth
 14547 | D:13     | Noticed a vault guard
 14559 | D:13     | HP: 2/69 [disintegration (9)]
 14575 | D:13     | Reached XP level 12. HP: 13/74 MP: 12/18
 14590 | D:13     | Killed a vault guard
 14747 | D:13     | Noticed a wizard
 14752 | D:13     | Killed a wizard
 14774 | D:13     | Found a gate to the Vaults.
 14792 | D:13     | XOM: polymorph wandering mushroom -> shambling mangrove
 14973 | D:13     | Noticed an unseen horror
 14975 | D:13     | Found a stormy altar of Qazlal.
 14987 | D:13     | Killed an unseen horror
 15092 | D:14     | Noticed a centaur warrior
 15279 | D:14     | Noticed Sonja
 15286 | D:14     | Killed Sonja
 15286 | D:14     | Reached skill level 1 in Conjurations
 15311 | D:14     | Noticed a centaur warrior
 15325 | D:14     | Killed a centaur warrior
 15352 | D:14     | Gained mutation: You are frail (-10% HP). [mutagenic meat]
 15354 | D:14     | Gained mutation: You passively map a small area around you. [mutagenic meat]
 15558 | D:14     | Gained mutation: Scrolls take you a little longer to read. [potion of mutation]
 15558 | D:14     | Gained mutation: Your flesh is cold resistant. [potion of mutation]
 15558 | D:14     | Gained mutation: You are partially covered in thin metallic scales (AC +2). [potion of mutation]
 15582 | D:14     | Got a translucent buckler
 15588 | D:14     | Identified the +2 buckler of Bitterness {+Fly rElec rC+ Stlth-} (You acquired it on level 14 of the Dungeon)
 15649 | D:14     | Killed a centaur warrior
 15740 | D:14     | Gained mutation: You possess an exceptional clarity of mind. [mutagenic meat]
 15762 | D:14     | XOM: mild Trmt miscast
 15859 | D:14     | XOM: noise
 15878 | D:14     | Noticed a tengu warrior
 15888 | D:14     | Noticed a thorn hunter
 15888 | D:14     | a wandering mushroom changed into a thorn hunter
 15888 | D:14     | XOM: polymorph wandering mushroom -> thorn hunter
 15888 | D:14     | Was forgiven by Xom
 15924 | D:14     | Killed a tengu warrior
 15984 | D:14     | Noticed a centaur warrior
 15986 | D:14     | Killed a centaur warrior
 16141 | D:15     | Entered Level 15 of the Dungeon
 16171 | D:15     | Gained mutation: You are partially covered in rough black scales (AC +4, Dex -1). [mutagenic meat]
 16172 | D:15     | Gained mutation: Your body sometimes deteriorates upon taking damage. [mutagenic meat]
 16186 | D:15     | Noticed an ogre mage
 16191 | D:15     | Killed an ogre mage
 16269 | D:15     | Noticed a fire giant
 16437 | D:15     | Found a staircase to the Depths.
 16651 | D:15     | Noticed a centaur warrior
 16655 | D:15     | Killed a centaur warrior
 16836 | Lair:1   | Entered Level 1 of the Lair of Beasts
 17192 | D:10     | Reached XP level 13. HP: 71/71 MP: 20/20
 17194 | D:10     | Reached skill level 1 in Shields
 17207 | D:10     | You fall through a shaft for 2 floors!
 17292 | D:10     | Killed an unseen horror
 17297 | D:10     | Killed comborobin's ghost
 17383 | D:10     | Reached skill level 10 in Evocations
 17618 | Lair:1   | HP: 3/71 [giant frog (5)]
 18110 | Lair:1   | Found a blossoming altar of Fedhas.
 18780 | Lair:2   | Reached ****** piety under Fedhas
 19278 | Lair:3   | Reached skill level 15 in Stealth
 19283 | Lair:3   | Noticed Harold
 19284 | Lair:3   | Reached skill level 5 in Charms
 19295 | Lair:3   | Killed Harold
 19516 | D:11     | Got an ebony short sword {elec}
 19517 | D:11     | Identified the +4 short sword of Untimely Demise {elec, Str+4} (You took it off an orc on level 11 of the Dungeon)
 19722 | Lair:3   | Found a dark tunnel.
 19728 | Lair:3   | You fall through a shaft for 2 floors!
 19832 | Lair:4   | Noticed Maud
 19862 | Lair:4   | Found a staircase to the Shoals.
 19913 | Lair:4   | Reached skill level 5 in Conjurations
 19913 | Lair:4   | Reached skill level 5 in Air Magic
 20160 | Lair:4   | Noticed Josephine
 21130 | Lair:4   | Found a staircase to the Snake Pit.
 21214 | Lair:4   | Killed Josephine
 21218 | Lair:4   | Killed Maud
 21218 | Lair:4   | Reached skill level 5 in Spellcasting
 22391 | Lair:5   | Reached XP level 14. HP: 76/76 MP: 21/21
 22444 | Lair:5   | Learned a level 4 spell: Airstrike
 22449 | Lair:5   | Learned a level 4 spell: Summon Lightning Spire
 22683 | Lair:6   | Noticed endege's ghost (journeyman MiFi)
 22691 | Lair:6   | Killed endege's ghost
 23526 | Lair:7   | Reached skill level 10 in Invocations
 23578 | Lair:7   | Reached skill level 5 in Shields
 23968 | Lair:7   | Found a viscous altar of Jiyva.
 23969 | Lair:7   | Found a staircase to the Slime Pits.
 24308 | Lair:8   | Entered Level 8 of the Lair of Beasts
 25408 | Lair:8   | Gained mutation: Your body often deteriorates upon taking damage. [potion of mutation]
 25408 | Lair:8   | Lost mutation: You are frail (-10% HP). [potion of mutation]
 25442 | Lair:8   | Got a slimy large shield
 25456 | Lair:8   | Identified the +4 large shield of the Lonely Eyes {Regen+} (You found it on level 8 of the Lair of Beasts)
 25459 | Lair:8   | Got an encrusted long sword
 25460 | Lair:8   | Identified the +7 long sword "Hoepol" {slice, Int+4} (You found it on level 8 of the Lair of Beasts)
 25934 | Orc:1    | Entered Level 1 of the Orcish Mines
 25934 | Orc:1    | Found Laowkaku's Antique Armour Boutique.
 26594 | Orc:3    | Found Qieb's Jewellery Emporium.
 26609 | Orc:3    | Noticed an orc warlord
 26610 | Orc:3    | Found a flagged portal.
 26615 | Orc:3    | Killed an orc warlord
 26632 | Bailey   | Entered a bailey
 28065 | Orc:4    | Entered Level 4 of the Orcish Mines
 28066 | Orc:4    | Found Gim Miwi's Antique Armour Shoppe.
 28075 | Orc:4    | Reached XP level 15. HP: 78/90 MP: 25/25
 28091 | Orc:4    | Noticed an orc warlord
 28101 | Orc:4    | Killed an orc warlord
 28107 | Orc:4    | Found Raluby's General Store.
 28149 | Orc:4    | Bought a +4 ring of evasion for 648 gold pieces
 28214 | Orc:4    | Found a staircase to the Elven Halls.
 28263 | Orc:4    | Found Unta's Antique Weapon Shoppe.
 28307 | Orc:4    | Noticed Maurice
 28310 | Orc:4    | Paralysed by Maurice for 6 turns
 28315 | Orc:4    | Killed Maurice
 28326 | Orc:4    | Noticed Rupert
 28331 | Orc:4    | Killed Rupert
 28410 | Orc:4    | Found Jevollu's Jewellery Emporium.
 28447 | Orc:4    | Found a roughly hewn altar of Beogh.
 28674 | Orc:4    | Found Oqutsu's Antique Weapon Shoppe.
 28762 | Orc:4    | Bought a glowing hunting sling for 48 gold pieces
 28814 | Orc:4    | Bought a warped rapier for 243 gold pieces
 28814 | Orc:4    | Bought an encrusted spear for 216 gold pieces
 28814 | Orc:4    | Identified the +5 spear of Xom's Hatred {pierce, MP-9 Int+4} (You bought it in a shop on level 4 of the Orcish Mines)
 28815 | Orc:4    | Bought a runed demon blade for 405 gold pieces
 28846 | Orc:4    | Bought a +3 ring of slaying for 675 gold pieces
 28888 | Elf:1    | Entered Level 1 of the Elven Halls
 29003 | Elf:1    | Found Vuigun's Assorted Antiques.
 29134 | Elf:1    | Gained mutation: Your muscles are strong. (Str +2) [mutagenic meat]
 29195 | Elf:1    | Found a portal to a secret trove of treasure.
 29473 | D:10     | Bought a scroll of acquirement for 624 gold pieces
 29473 | D:10     | Bought a scroll of identify for 24 gold pieces
 29779 | Elf:1    | You paid a toll of a wand of heal wounds (9) to enter a treasure trove
 29780 | Trove    | Entered a treasure trove
 29827 | Trove    | Identified Sif Muna's Volume of Excruciating Air
 29836 | Trove    | Identified the Collected Works on Mutagenic Stones
 29843 | Trove    | Identified Sif Muna's Tome of Benedictions and the Voyage
 29855 | Trove    | Identified Sif Muna's Disquisition on Mutagenic Augmentations
 29892 | Elf:1    | Learned a level 3 spell: Regeneration
 30002 | Elf:1    | Reached skill level 10 in Shields
 30028 | Elf:1    | Reached skill level 1 in Necromancy
 30054 | Elf:1    | Identified the Compendium of Combat Magic
 30726 | Elf:2    | Found a huge runed gate.
 30726 | Elf:2    | Found a huge runed gate.
 30726 | Elf:2    | Found a huge runed gate.
 30726 | Elf:2    | Found a huge runed gate.
 30727 | Elf:2    | Found a huge runed gate.
 31260 | Elf:2    | Noticed a deep elf sorcerer
 31267 | Elf:2    | Killed a deep elf sorcerer
 31282 | Elf:2    | Found Xinaphou's Magic Scroll Emporium.
 31473 | Elf:3    | Entered Level 3 of the Elven Halls
 31538 | Elf:3    | Reached XP level 16. HP: 95/95 MP: 26/26
 31567 | Elf:3    | Noticed a deep elf sorcerer
 31573 | Elf:3    | Killed a deep elf sorcerer
 31575 | Elf:3    | Noticed a deep elf master archer
 31580 | Elf:3    | Killed a deep elf master archer
 31601 | Elf:3    | Noticed a deep elf master archer
 31613 | Elf:3    | Noticed a deep elf sorcerer
 31705 | Elf:3    | Noticed a deep elf blademaster
 31721 | Elf:3    | Killed a deep elf sorcerer
 31725 | Elf:3    | Noticed a Brimstone Fiend
 31728 | Elf:3    | Killed a Brimstone Fiend
 31732 | Elf:3    | Noticed a Brimstone Fiend
 31733 | Elf:3    | a thorn hunter (ally) was killed
 31734 | Elf:3    | Killed a Brimstone Fiend
 31750 | Elf:3    | Killed a deep elf master archer
 31750 | Elf:3    | Cast into the Abyss (a ghostly deep elf demonologist)
 31828 | Elf:3    | Escaped the Abyss
 31856 | Elf:3    | Noticed an Ice Fiend
 31862 | Elf:3    | a thorn hunter (ally) was killed
 31864 | Elf:3    | Noticed a Brimstone Fiend
 32072 | Elf:3    | Noticed a deep elf blademaster
 32198 | Elf:3    | Noticed a deep elf sorcerer
 32228 | Elf:3    | Killed a deep elf sorcerer
 32257 | Elf:3    | Noticed a deep elf sorcerer
 32270 | Elf:3    | Killed a deep elf sorcerer
 32294 | Elf:3    | Killed a deep elf blademaster
 32328 | Elf:3    | Noticed an Ice Fiend
 32343 | Elf:3    | Killed an Ice Fiend
 32387 | Elf:3    | Paralysed by a deep elf fighter for 4 turns
 32495 | Elf:3    | Got a scintillating granite ring
 32497 | Elf:3    | Identified the ring of Propriety {rC+ rN+ Dex+2} (You took it off a deep elf priest on level 3 of the Elven Halls)
 32525 | Elf:3    | Got a bloodstained hunting sling
 32526 | Elf:3    | Identified the +9 hunting sling "Conservator" {flame, rC++ Str-2 Int+3} (You took it off a deep elf priest on level 3 of the Elven Halls)
 32622 | Elf:3    | Identified the Tome of Supportive Enchantment (You found it on level 3 of the Elven Halls)
 32649 | Elf:3    | Got a warped whip {elec}
 32650 | Elf:3    | Identified the +7 whip of Karma {elec, *Corrode Dex+3 SInv Stlth+} (You took it off a deep elf fighter on level 3 of the Elven Halls)
 32697 | Elf:3    | Killed a deep elf blademaster
 32704 | Elf:3    | Gained mutation: Your muscles are very strong. (Str +4) [mutagenic meat]
 32705 | Elf:3    | Lost mutation: Scrolls take you a little longer to read. [mutagenic meat]
 33300 | Elf:3    | Gained mutation: You are partially covered in slimy green scales (AC +2). [potion of beneficial mutation]
 33337 | Elf:3    | Identified the Almanac of the Trees
 33671 | Elf:1    | Learned a level 6 spell: Deflect Missiles
 34398 | Orc:3    | Noticed Erolcha
 34435 | Orc:3    | Killed Erolcha
 34490 | Orc:3    | Identified the Incunabulum of Transformation
 34740 | Snake:1  | Entered Level 1 of the Snake Pit
 34774 | Snake:1  | Found Qekusurch's Gadget Shoppe.
 34845 | Snake:1  | Reached XP level 17. HP: 77/99 MP: 14/27
 35650 | Snake:2  | Found Surepum's Antique Armour Boutique.
 37106 | Snake:3  | Killed from afar by a shock serpent

Vault maps used:
D:1:      erik_arrival_gehennom
D:2:      columned_hall_lemuel
D:3:      gammafunk_temple_overflow_elements, first_bread, bloody_trog
D:4:      lemuel_upstairs_altar, serial_shops, kennysheep_little_box,
          kennysheep_windowed_goal, uniq_blork_the_orc
D:5:      fiery_altar_vehumet
D:6:      wad_crossroads, nicolae_gozag_seed_capital
D:7:      lemuel_coloured_pillars_altar, minmay_temple_entry_hall
D:8:      lemuel_ratsnest, kennysheep_mini, serial_shops, nicolae_shop_crystal,
          uniq_prince_ribbit1
D:10:     basic_altar, serial_shops, shop, hangedman_stone_soup
D:11:     erik_lair_orcish_takeover, nicolae_tso_swordbearing_angel
D:12:     orc_0_dummy, kennysheep_generic_room_14
D:13:     grunt_vaults_entry_tiered, nicolae_qazlal_eye_of_the_storm
D:14:     hangedman_decor_points, grunt_ministairs_3, uniq_sonja
D:15:     grunt_enter_depths_giant_problem, uniq_roxanne, uniq_louise
Temple:   chambers_temple_14
Lair:1:   basic_altar, beast_lair_carwin_8, lemuel_fruit_fields
Lair:2:   lemuel_fruit_tree, infiniplex_staircase_pool, serial_bayou_shore_a
Lair:3:   nicolae_volcano_entry_hallway, beast_lair_carwin_1, uniq_harold
Lair:4:   elwin_shoals_entry_stream, guppyfry_snake_entry_island, uniq_maud,
          uniq_josephine
Lair:5:   serial_bayou, serial_bayou_crossing, serial_bayou_pond_d,
          serial_bayou_pond_e, serial_bayou_pond_a, serial_bayou_pond_a
Lair:6:   grunt_megastairs_2, lemuel_fruit_fields
Lair:7:   beast_lair_carwin_large_3, slime_altar_1, st_stairs_8
Lair:8:   evilmike_catoblepas_cave
Snake:1:  serial_shops, shop, special_room, grunt_ministairs_1
Snake:2:  serial_shops, nicolae_shop_competitors_out_of_business, spider_trap,
          hangedman_snake_pattern, hangedman_snake_corridor_split
Snake:3:  spider_trap
Orc:1:    serial_shops, shop
Orc:3:    lemuel_ogre_cave, serial_shops, shop, enter_bailey_3,
          nicolae_orc_pool_cavern
Orc:4:    grunt_orc_gardens, grunt_orc_garden, grunt_orc_garden,
          grunt_orc_garden, grunt_orc_garden, serial_shops,
          nicolae_shop_competitors_out_of_business, mines1_david, uniq_maurice,
          uniq_rupert
Elf:1:    enter_trove_1, serial_shops, shop, minmay_elf_annihilation
Elf:2:    serial_shops, nicolae_shop_trees, basic_stair_grate_trap
Elf:3:    grunt_elf_hall_diamonds, spider_trap
Abyss:1:  hangedman_abyss_river_spirits, minivault_24
Trove:    trove_library
Bailey:   bailey_axe_1, bailey

Action                   |  1- 3 |  4- 6 |  7- 9 | 10-12 | 13-15 | 16-18 || total
-------------------------+-------+-------+-------+-------+-------+-------++-------
Melee: Spear             |    76 |    50 |       |   125 |    86 |    28 ||   365
       Short sword       |     1 |       |       |   292 |   524 |   607 ||  1424
       Glaive            |       |     3 |   327 |    10 |       |       ||   340
       Long sword        |       |       |       |       |   215 |       ||   215
 Fire: Blowgun           |       |       |       |       |       |    11 ||    11
 Cast: Repel Missiles    |       |       |       |     2 |     2 |     1 ||     5
       Regeneration      |       |       |       |       |       |     3 ||     3
Invok: Evolution         |       |       |     4 |    18 |     1 |    13 ||    36
       Sunlight          |       |       |       |     2 |       |     6 ||     8
       Rain              |       |       |       |       |       |    12 ||    12
       Growth            |       |       |       |       |       |     6 ||     6
       Reproduction      |       |       |       |       |       |     5 ||     5
Evoke: Wand              |     3 |     4 |    17 |     8 |    12 |    15 ||    59
       Rod               |       |       |       |     2 |     3 |     3 ||     8
  Use: Scroll            |     3 |       |     6 |    13 |    17 |     7 ||    46
       Potion            |     1 |       |    12 |     6 |     3 |     3 ||    25
 Stab: Sleeping          |    13 |     7 |    39 |    31 |    90 |    21 ||   201
       Distracted        |       |       |     3 |     2 |    21 |     8 ||    34
       Confused          |       |       |     1 |     5 |       |     5 ||    11
       Fleeing           |       |       |       |     1 |       |       ||     1
       Paralysed         |       |       |       |       |     1 |       ||     1
       Petrified         |       |       |       |       |     1 |       ||     1
  Eat: Chunk             |     2 |     2 |     4 |    11 |    21 |    11 ||    51
       Meat ration       |       |       |     4 |     3 |     4 |       ||    11
       Pizza             |       |       |     2 |     3 |     1 |       ||     6
       Beef jerky        |       |       |     3 |     1 |       |       ||     4
       Bread ration      |       |       |       |     1 |     2 |     4 ||     7
